PL
TOLEDO STINGERS @ CHICAGO GOLD SOX
10/03/2032
 
TOP OF THE 1ST
Toledo Stingers batting - Pitching for Chicago Gold Sox : LHP Jesús Franco
Pitching: LHP Jesús Franco
Batting: RHB Tamasaburo Kato 0-0: Ball
1-0: Foul Ball, location: 2F
1-1: Ground out 1-3 (Groundball, P)
Batting: RHB Brett Callison 0-0: Ball
1-0: Called Strike
1-1: SOLO HOME RUN (Flyball, 7LD), Distance : 377 ft
Batting: LHB Tural Bishara 0-0: Swinging Strike
0-1: Ball
1-1: Ground out 1-3 (Groundball, 13S)
Batting: RHB Alfredo Martínez 0-0: Ground out U3 (Groundball, 34S)
Top of the 1st over - 1 run, 1 hit, 0 errors, 0 left on base; Toledo 1 - Chicago 0
BOTTOM OF THE 1ST
Chicago Gold Sox batting - Pitching for Toledo Stingers : RHP Rob Silva
Pitching: RHP Rob Silva
Batting: LHB Noel Ballard 0-0: Ball
1-0: Ball
2-0: Ball
3-0: Called Strike
3-1: Swinging Strike
3-2: Fly out, F4 (Popup, 23)
Batting: SHB Lupo Cotto 0-0: Ball
1-0: Foul Ball, location: 2F
1-1: Fly out, F4 (Line Drive, 4M)
Batting: RHB Jay Hood 0-0: Called Strike
0-1: Fly out, F9 (Flyball, 9)
Bottom of the 1st over - 0 runs, 0 hits, 0 errors, 0 left on base; Toledo 1 - Chicago 0
TOP OF THE 2ND
Toledo Stingers batting - Pitching for Chicago Gold Sox : LHP Jesús Franco
Batting: SHB Dylan Carson 0-0: Foul Ball, location: 2F
0-1: Foul Ball, location: 2F
0-2: DOUBLE (Line Drive, 7LD)
Batting: RHB Armando Alvarado 0-0: Called Strike
0-1: Ball
1-1: Foul Ball, location: 2F
1-2: Fly out, F3 (Popup, 34S)
Batting: RHB Pedro Álvarez 0-0: SINGLE (Line Drive, 5S)
Dylan Carson to third
Batting: RHB Manny Bendixen 0-0: Ball
1-0: Ball
2-0: Called Strike
2-1: Fly out, F7 (Flyball, 7)
Runner from 3rd tags up, SCORES, throw made
Batting: SHB Eugene Clutch 0-0: Called Strike
0-1: Ball
1-1: Foul Ball, location: 2F
1-2: Ball
2-2: Foul Ball, location: 2F
2-2: Foul Ball, location: 2F
2-2: Strikes out swinging
Top of the 2nd over - 1 run, 2 hits, 0 errors, 1 left on base; Toledo 2 - Chicago 0
BOTTOM OF THE 2ND
Chicago Gold Sox batting - Pitching for Toledo Stingers : RHP Rob Silva
Batting: RHB Ramón Rodríguez 0-0: Called Strike
0-1: Ground out 3-1 (Groundball, 34S)
Batting: RHB Jeb Sexton 0-0: Foul Ball, location: 2F
0-1: SINGLE (Groundball, 6M) (infield hit)
Batting: RHB Hirohisa Ogasawara 0-0: Called Strike
0-1: Swinging Strike
0-2: Ball
1-2: Ball
2-2: Foul Ball, location: 2F
2-2: Strikes out swinging
Batting: RHB Manuel Guillama 0-0: Ball
1-0: Swinging Strike
1-1: Foul Ball, location: 2F
1-2: Strikes out swinging
Bottom of the 2nd over - 0 runs, 1 hit, 0 errors, 1 left on base; Toledo 2 - Chicago 0
TOP OF THE 3RD
Toledo Stingers batting - Pitching for Chicago Gold Sox : LHP Jesús Franco
Batting: RHB Tamasaburo Kato 0-0: Ball
1-0: Foul Ball, location: 2F
1-1: Ball
2-1: Foul Ball, location: 2F
2-2: Ball
3-2: Foul Ball, location: 2F
3-2: Ground out 3-1 (Groundball, 34S)
Batting: RHB Brett Callison 0-0: Ball
1-0: Called Strike
1-1: Foul Ball, location: 2F
1-2: Ball
2-2: Foul Ball, location: 2F
2-2: Ball
3-2: Ground out 6-3 (Groundball, 6)
Batting: LHB Tural Bishara 0-0: Foul Ball, location: 2F
0-1: Ball
1-1: Ball
2-1: Ball
3-1: Called Strike
3-2: Foul Ball, location: 2F
3-2: Fly out, F7 (Flyball, 78M)
Top of the 3rd over - 0 runs, 0 hits, 0 errors, 0 left on base; Toledo 2 - Chicago 0
BOTTOM OF THE 3RD
Chicago Gold Sox batting - Pitching for Toledo Stingers : RHP Rob Silva
Batting: RHB Zeus Preckwinkle 0-0: Called Strike
0-1: Ball
1-1: Swinging Strike
1-2: Ball
2-2: Strikes out swinging
Batting: RHB Norman Winston 0-0: Ball
1-0: Swinging Strike
1-1: Swinging Strike
1-2: Strikes out looking
Batting: LHB Noel Ballard 0-0: Ground out 5-3 (Groundball, 56)
Bottom of the 3rd over - 0 runs, 0 hits, 0 errors, 0 left on base; Toledo 2 - Chicago 0
TOP OF THE 4TH
Toledo Stingers batting - Pitching for Chicago Gold Sox : LHP Jesús Franco
Batting: RHB Alfredo Martínez 0-0: Called Strike
0-1: Ball
1-1: Called Strike
1-2: Ball
2-2: Strikes out swinging
Batting: SHB Dylan Carson 0-0: Called Strike
0-1: Ground out 5-3 (Groundball, 5D)
Batting: RHB Armando Alvarado 0-0: Ball
1-0: Ball
2-0: Ground out 6-3 (Groundball, 6)
Top of the 4th over - 0 runs, 0 hits, 0 errors, 0 left on base; Toledo 2 - Chicago 0
BOTTOM OF THE 4TH
Chicago Gold Sox batting - Pitching for Toledo Stingers : RHP Rob Silva
Batting: SHB Lupo Cotto 0-0: Ball
1-0: Ground out U3 (Groundball, 34S)
Batting: RHB Jay Hood 0-0: Ball
1-0: SINGLE (Flyball, 8LS)
Batting: RHB Ramón Rodríguez 0-0: Ball
1-0: Foul Ball, location: 2F
1-1: Fly out, F7 (Flyball, 7LS)
Batting: RHB Jeb Sexton 0-0: Fly out, F8 (Flyball, 89D)
Bottom of the 4th over - 0 runs, 1 hit, 0 errors, 1 left on base; Toledo 2 - Chicago 0
TOP OF THE 5TH
Toledo Stingers batting - Pitching for Chicago Gold Sox : LHP Jesús Franco
Batting: RHB Pedro Álvarez 0-0: Foul Ball, location: 2F
0-1: Ball
1-1: SINGLE (Line Drive, 6MD)
Batting: RHB Manny Bendixen 0-0: Ball
1-0: Swinging Strike
1-1: Ball
2-1: Ball
3-1: Base on Balls
Pedro Álvarez to second
Batting: SHB Eugene Clutch 0-0: Ball
1-0: Ball
2-0: Called Strike
2-1: Swinging Strike
2-2: Strikes out looking
Batting: RHB Tamasaburo Kato 0-0: Called Strike
0-1: Ball
1-1: Ball
2-1: Called Strike
2-2: Foul Ball, location: 2F
2-2: Fly out, F7 (Flyball, 78M)
Batting: RHB Brett Callison 0-0: Called Strike
0-1: Ball
1-1: Foul Ball, location: 2F
1-2: Ball
2-2: Ball
3-2: Fly out, F9 (Flyball, 9LS)
Top of the 5th over - 0 runs, 1 hit, 0 errors, 2 left on base; Toledo 2 - Chicago 0
BOTTOM OF THE 5TH
Chicago Gold Sox batting - Pitching for Toledo Stingers : RHP Rob Silva
Batting: RHB Hirohisa Ogasawara 0-0: Fly out, F9 (Flyball, 89D)
Batting: RHB Manuel Guillama 0-0: Foul Ball, location: 2F
0-1: Ball
1-1: Foul Ball, location: 2F
1-2: Foul Ball, location: 2F
1-2: Ball
2-2: Ball
3-2: Base on Balls
Batting: RHB Zeus Preckwinkle 0-0: Called Strike
0-1: Ground out 6-3 (Groundball, 56D)
Manuel Guillama to second
Batting: RHB Norman Winston 0-0: Ball
1-0: Called Strike
1-1: Fly out, F9 (Line Drive, 9S)
Bottom of the 5th over - 0 runs, 0 hits, 0 errors, 1 left on base; Toledo 2 - Chicago 0
TOP OF THE 6TH
Toledo Stingers batting - Pitching for Chicago Gold Sox : LHP Jesús Franco
Batting: LHB Tural Bishara 0-0: Called Strike
0-1: Foul Ball, location: 2F
0-2: Foul Ball, location: 2F
0-2: Ball
1-2: Fly out, F7 (Line Drive, 7S)
Batting: RHB Alfredo Martínez 0-0: Ground out 3-1 (Groundball, 34S)
Batting: SHB Dylan Carson 0-0: Ball
1-0: Called Strike
1-1: Ball
2-1: Called Strike
2-2: Ball
3-2: Fly out, F7 (Line Drive, 7D)
Top of the 6th over - 0 runs, 0 hits, 0 errors, 0 left on base; Toledo 2 - Chicago 0
BOTTOM OF THE 6TH
Chicago Gold Sox batting - Pitching for Toledo Stingers : RHP Rob Silva
Batting: LHB Noel Ballard 0-0: Foul Ball, location: 2F
0-1: Ball
1-1: Called Strike
1-2: Ground out 4-3 (Groundball, 4S)
Batting: SHB Lupo Cotto 0-0: Swinging Strike
0-1: Called Strike
0-2: Ball
1-2: Ball
2-2: Strikes out swinging
Batting: RHB Jay Hood 0-0: Ball
1-0: Foul Ball, location: 2F
1-1: Ball
2-1: SINGLE (Groundball, 3D)
Batting: RHB Ramón Rodríguez 0-0: Fly out, F5 (Popup, 25F)
Bottom of the 6th over - 0 runs, 1 hit, 0 errors, 1 left on base; Toledo 2 - Chicago 0
TOP OF THE 7TH
Toledo Stingers batting - Pitching for Chicago Gold Sox : LHP Jesús Franco
Batting: RHB Armando Alvarado 0-0: Ball
1-0: Called Strike
1-1: Fly out, F4 (Popup, 34S)
Batting: RHB Pedro Álvarez 0-0: Ball
1-0: Foul Ball, location: 2F
1-1: Ball
2-1: SINGLE (Groundball, 34D)
Batting: RHB Manny Bendixen 0-0: Ball
1-0: Called Strike
1-1: Called Strike
1-2: SINGLE (Line Drive, 89S)
Pedro Álvarez to second
Batting: SHB Eugene Clutch 0-0: Ball
1-0: Foul Ball, location: 2F
1-1: Fly out, F8 (Flyball, 8LD)
Batting: RHB Tamasaburo Kato 0-0: Ball
1-0: Called Strike
1-1: Ball
2-1: Foul Ball, location: 2F
2-2: Ball
3-2: Base on Balls
Pedro Álvarez to third
Manny Bendixen to second
Batting: RHB Brett Callison 0-0: Swinging Strike
0-1: Ball
1-1: Ball
2-1: Called Strike
2-2: Fly out, F7 (Flyball, 7S)
Top of the 7th over - 0 runs, 2 hits, 0 errors, 3 left on base; Toledo 2 - Chicago 0
BOTTOM OF THE 7TH
Chicago Gold Sox batting - Pitching for Toledo Stingers : RHP Rob Silva
Batting: RHB Jeb Sexton 0-0: Ball
1-0: Foul Ball, location: 2F
1-1: Ball
2-1: Foul Ball, location: 2F
2-2: Ball
3-2: Ground out 1-3 (Groundball, 15S)
Batting: RHB Hirohisa Ogasawara 0-0: Called Strike
0-1: Ball
1-1: Foul Ball, location: 2F
1-2: Fly out, F1 (Line Drive, 15)
Batting: RHB Manuel Guillama 0-0: Called Strike
0-1: Foul Ball, location: 2F
0-2: Ball
1-2: Strikes out swinging
Bottom of the 7th over - 0 runs, 0 hits, 0 errors, 0 left on base; Toledo 2 - Chicago 0
TOP OF THE 8TH
Toledo Stingers batting - Pitching for Chicago Gold Sox : LHP Jesús Franco
Batting: LHB Tural Bishara 0-0: Ball
1-0: Swinging Strike
1-1: Called Strike
1-2: Strikes out swinging
Batting: RHB Alfredo Martínez 0-0: Ball
1-0: Swinging Strike
1-1: Called Strike
1-2: Ball
2-2: Ball
3-2: Foul Ball, location: 2F
3-2: Strikes out swinging
Batting: SHB Dylan Carson 0-0: Ball
1-0: Called Strike
1-1: Ball
2-1: DOUBLE (Flyball, 8LXD)
Pitching: RHP Shuntavyious Primes-Willes
Batting: RHB Armando Alvarado 0-0: Called Strike
0-1: Called Strike
0-2: Foul Ball, location: 2F
0-2: Ground out 5-3 (Groundball, 5L)
Top of the 8th over - 0 runs, 1 hit, 0 errors, 1 left on base; Toledo 2 - Chicago 0
BOTTOM OF THE 8TH
Chicago Gold Sox batting - Pitching for Toledo Stingers : RHP Rob Silva
Batting: RHB Zeus Preckwinkle 0-0: SINGLE (Groundball, 56S) (infield hit)
Batting: RHB Norman Winston 0-0: Ball
1-0: Foul Ball, location: 2F
1-1: Ball
2-1: Foul Ball, location: 2F
2-2: Ball
3-2: SINGLE (Groundball, 6MD)
Zeus Preckwinkle to second
Runner from 2nd tries for 3rd, SAFE, no throw
Batting: LHB Noel Ballard 0-0: Ball
Norman Winston steals 2nd base
1-0: Called Strike
1-1: Foul Ball, location: 2F
1-2: Strikes out looking
Batting: SHB Lupo Cotto 0-0: Foul Ball, location: 2F
0-1: Foul Ball, location: 2F
0-2: Strikes out swinging
Batting: RHB Jay Hood 0-0: Fly out, F5 (Line Drive, 5)
Bottom of the 8th over - 0 runs, 2 hits, 0 errors, 2 left on base; Toledo 2 - Chicago 0
TOP OF THE 9TH
Toledo Stingers batting - Pitching for Chicago Gold Sox : RHP Shuntavyious Primes-Willes
Batting: RHB Pedro Álvarez 0-0: Called Strike
0-1: Ball
1-1: Foul Ball, location: 2F
1-2: Ball
2-2: Ball
3-2: SINGLE (Groundball, 56D)
Batting: RHB Manny Bendixen 0-0: Called Strike
0-1: Fly out, F9 (Line Drive, 89M)
Batting: SHB Eugene Clutch 0-0: Ground out 4-3 (Groundball, 34)
Pedro Álvarez to second
Batting: RHB Tamasaburo Kato 0-0: Ball
1-0: Fly out, F8 (Flyball, 8RS)
Top of the 9th over - 0 runs, 1 hit, 0 errors, 1 left on base; Toledo 2 - Chicago 0
BOTTOM OF THE 9TH
Chicago Gold Sox batting - Pitching for Toledo Stingers : RHP Rob Silva
Batting: RHB Ramón Rodríguez 0-0: Called Strike
0-1: Called Strike
0-2: Strikes out swinging
Pitching: RHP Esteban González
Batting: RHB Jeb Sexton 0-0: Foul Ball, location: 2F
0-1: Foul Ball, location: 2F
0-2: Ground out 5-3 (Groundball, 56)
Batting: RHB Hirohisa Ogasawara 0-0: Ball
1-0: Ground out 5-3 (Groundball, 56)
Bottom of the 9th over - 0 runs, 0 hits, 0 errors, 0 left on base; Toledo 2 - Chicago 0
Wednesday, September 19th, 2018 - OOTP Baseball 18.8 Build 76